 Dungeon Crawl Stone Soup version 0.22.0-49-gab54619674 (webtiles) character file.

234 JedernureinKreuz the Conjurer (level 5, -6/28 HPs)
             Began as a Deep Elf Conjurer on Sept 7, 2018.
             Mangled by a hippogriff (11 damage)
             ... on level 2 of the Dungeon.
             The game lasted 00:16:27 (1836 turns).

JedernureinKreuz the Conjurer (Deep Elf Conjurer)   Turns: 1836, Time: 00:16:27

Health: -6/28      AC:  2    Str:  9    XL:     5   Next: 75%
Magic:  8/13       EV: 14    Int: 21    God:
Gold:   143        SH:  0    Dex: 15    Spells: 11/12 levels left

rFire    + . .     SeeInvis .   d - +0 dagger
rCold    . . .     Gourm    .   (no shield)
rNeg     . . .     Faith    .   a - +0 robe
rPois    .         Spirit   .   (no helmet)
rElec    .         Reflect  .   (no cloak)
rCorr    .         Harm     .   (no gloves)
MR       .....                  (no boots)
Stlth    +++.......             (no amulet)
HPRegen  0.09/turn              q - ring of protection from fire
MPRegen  0.13/turn              r - +4 ring of strength

@: no status effects
A: no striking features
a: no special abilities


You were on level 2 of the Dungeon.
You were not hungry.

You visited 1 branch of the dungeon, and saw 3 of its levels.

You collected 143 gold pieces.

Inventory:

Hand Weapons
 d - a +0 dagger (weapon)
 f - a +0 short sword
 g - a +0 hunting sling
 n - a +0 hand axe
 x - a cursed -1 scythe
Missiles
 e - 5 needles of frenzy
 h - 64 stones (quivered)
 j - 33 bolts
Armour
 a - a +0 robe (worn)
 y - a +0 robe
Jewellery
 o - an uncursed ring of fire
 q - a ring of protection from fire (left hand)
 r - a +4 ring of strength (right hand)
Scrolls
 k - 2 scrolls of identify {unknown}
 l - 2 scrolls of remove curse {unknown}
 p - a scroll of teleportation {unknown}
 t - 2 scrolls of fog {unknown}
 u - a scroll of noise {unknown}
 v - a scroll of enchant armour {unknown}
Potions
 b - a potion of mutation {unknown}
 i - 3 potions of curing {unknown}
 m - 2 potions of heal wounds {unknown}
 s - a potion of berserk rage {unknown}
Comestibles
 c - 5 rations
 w - 7 chunks of flesh


   Skills:
 + Level 2.2 Short Blades
 + Level 3.9 Dodging
 + Level 4.0 Stealth
 + Level 4.4 Spellcasting
 + Level 5.2 Conjurations


You had 11 spell levels left.
You knew the following spells:

 Your Spells              Type           Power        Failure   Level  Hunger
a - Magic Dart            Conj           ####         1%          1    None

Your spell library contained the following spells:

 Spells                   Type           Power        Failure   Level  Hunger
 Searing Ray              Conj           ####..       1%          2    #......
 Dazzling Spray           Conj/Hex       ###...       12%         3    ##.....
 Iskenderun's Mystic Bla  Conj           ####....     13%         4    ####...
 Force Lance              Conj/Tloc      ###.....     36%         4    ####...
 Fulminant Prism          Conj/Hex       ###.......   36%         4    ####...


Dungeon Overview and Level Annotations

Branches:
Dungeon (3/15)

Altars:


Message History

Press: ? - help, Shift-Dir - straight line, f/p - hippogriff
Aim: a hippogriff (moderately wounded)
The magic dart hits the hippogriff.
The hippogriff is moderately wounded.
The hippogriff bites you!
* * * LOW HITPOINT WARNING * * *
The hippogriff pecks you.
* * * LOW HITPOINT WARNING * * *
The hippogriff claws you but does no damage.
Unknown command.
Unknown command.
Casting: Magic Dart (safe; 1% risk of failure)
Confirm with . or Enter, or press ? or * to list all spells.
Aiming: Magic Dart (safe; 1% risk of failure)
Press: ? - help, Shift-Dir - straight line, f/p - hippogriff
Aim: a hippogriff (moderately wounded)
The magic dart hits the hippogriff.
The hippogriff is moderately wounded.
The hippogriff bites you!
You die...

#.# #.# #.# #.# ##+## #.# #.#
##...## ####.# #.#### ##.....##
##..... #.##.## ##....^..##
##..##.#
##.#...####.........####)..##.#
#........)'.........'..........
#......####.........####......#
#...#.## ##..@H...## ##...###
###.### ##.....## ##..### #.#
######...## #..... #.#
#.........# ##.### #.#
#.#####.#.# #.# #.# #.# #.#.#
#.# #.#####.#####.#.# #.#
#..........<....# #.#
#######.###.....# #.#


You could see a hippogriff.

Vanquished Creatures
  Sigmund (D:2)
  Jessica (D:2)
  An adder (D:2)
  An ooze (D:2)
  A leopard gecko (D:2)
  A ball python (D:2)
  7 bats
  9 goblins
  4 hobgoblins
  A quokka (D:3)
  A frilled lizard (D:3)
  7 kobolds
  6 rats
41 creatures vanquished.

Notes
Turn   | Place    | Note
-------+----------+-------------------------------------------
     0 | D:1      | JedernureinKreuz the Deep Elf Conjurer began the quest for
                  | the Orb.
     0 | D:1      | Reached XP level 1. HP: 10/10 MP: 6/6
   287 | D:1      | Reached XP level 2. HP: 15/15 MP: 0/8
  1046 | D:2      | Reached skill level 1 in Short Blades
  1046 | D:2      | Reached XP level 3. HP: 17/19 MP: 4/9
  1569 | D:2      | Noticed Jessica
  1579 | D:2      | Killed Jessica
  1579 | D:2      | Reached XP level 4. HP: 24/24 MP: 5/11
  1600 | D:2      | Noticed Sigmund
  1608 | D:2      | Killed Sigmund
  1608 | D:2      | Reached skill level 5 in Conjurations
  1608 | D:2      | Reached XP level 5. HP: 28/28 MP: 0/13
  1806 | D:3      | Noticed a hippogriff
  1836 | D:2      | Mangled by a hippogriff

Skill      XL: |  1  2  3  4 |
---------------+-------------+-----
Short Blades   | 1 2 |  2.2
Stealth        | 3 4 |  4.0
Dodging        | 3 |  3.9
Spellcasting   | 4 |  4.4
Conjurations   | 5 |  5.2

Action                   |  1- 3 |  4- 6 || total
-------------------------+-------+-------++-------
Melee: Dagger            |    10 |     1 ||    11
 Cast: Magic Dart        |    59 |    27 ||    86
  Eat: Chunk             |     2 |     1 ||     3
Armor: Robe              |     2 |     4 ||     6
Dodge: Dodged            |    11 |     8 ||    19
